[ AOE2 MATCH · #479889187 ]
UnrankedPoles vs Maya
[ REPLAY ANALYSIS · EXTRACTED FROM THE RECORDED GAME ]
Feudal
11:55
Castle
15:44
Imperial
—
| APM avg | 27.7 |
| APM peak | 80 |
| eAPM avg | 9.7 |
| Villagers / military | 27 / 0 |
Focus
⚔️ 7.8% · 🌾 92.2%
Feudal
8:48
Castle
19:07
Imperial
—
| APM avg | 88.2 |
| APM peak | 197 |
| eAPM avg | 40.6 |
| Villagers / military | 43 / 20 |
Focus
⚔️ 66.0% · 🌾 34.0%
Archer ×20
Feudal
10:57
Castle
—
Imperial
—
| APM avg | 45.7 |
| APM peak | 94 |
| eAPM avg | 16.6 |
| Villagers / military | 32 / 4 |
Focus
⚔️ 16.5% · 🌾 83.5%
Archer ×4
Feudal
9:43
Castle
—
Imperial
—
| APM avg | 42.5 |
| APM peak | 64 |
| eAPM avg | 17.5 |
| Villagers / military | 40 / 10 |
Focus
⚔️ 40.9% · 🌾 59.1%
Scout Cavalry ×10
Feudal
9:14
Castle
—
Imperial
—
| APM avg | 56.8 |
| APM peak | 91 |
| eAPM avg | 22.9 |
| Villagers / military | 39 / 24 |
Focus
⚔️ 29.3% · 🌾 70.7%
Archer ×24
Feudal
10:11
Castle
—
Imperial
—
| APM avg | 43.8 |
| APM peak | 87 |
| eAPM avg | 15.5 |
| Villagers / military | 40 / 21 |
Focus
⚔️ 23.6% · 🌾 76.4%
Archer ×16 · Skirmisher ×5
Match map
Initial resources + every placement click. Lines = walls · curves = elevation contours. ◆ gold · ⬟ stone · ● berries · ✦ relic · ◌ wall gap
Your base· ✓ Closed at 15:44 · 31t walls · 1 gate(s)
ITA | Killer_Storm_'s base· ✓ Closed at 19:07 · 37t walls · no gate
viddie's base· Open — unwalled flank
ITA | BartolitoilGallo's base· ✓ Closed at 19:02 · 38t walls · no gate
RoR | Carnage_'s base· ✓ Closed at 18:41 · 29t walls · 3 gate(s)
Corrosive's base· Open — unwalled flank
Smoothed initial terrain · ◌ = detected wall gap · hover for details
Inputs per minute
— Don Rats - - ITA | Killer_Storm_
Build order — Don Rats
64 actions detected in the replay
| 0:00 | Create | Villager (Male) |
| 0:01 | Create | Villager (Male) |
| 0:01 | Create | Villager (Male) |
| 0:01 | Create | Villager (Male) |
| 0:02 | Build | House |
| 0:05 | Build | House |
| 1:30 | Create | Villager (Male) |
| 1:44 | Build | Lumber Camp |
| 2:04 | Create | Villager (Male) |
| 2:33 | Create | Villager (Male) |
| 2:57 | Create | Villager (Male) |
| 3:28 | Create | Villager (Male) |
| 3:38 | Create | Villager (Male) |
| 4:13 | Build | House |
| 4:14 | Build | House |
| 4:22 | Create | Villager (Male) |
| 4:25 | Research | Loom |
| 4:28 | Create | Villager (Male) |
| 4:29 | Create | Villager (Male) |
| 5:06 | Build | House |
| 5:29 | Create | Villager (Male) |
| 5:29 | Create | Villager (Male) |
| 5:50 | Build | Mill |
| 5:59 | Build | Palisade Wall |
| 6:20 | Create | Villager (Male) |
| 6:23 | Create | Villager (Male) |
| 6:33 | Build | House |
| 6:40 | Create | Villager (Male) |
| 6:41 | Create | Villager (Male) |
| 7:05 | Build | House |
| 7:26 | Build | Palisade Wall |
| 7:26 | Build | Palisade Wall |
| 7:36 | Build | Palisade Wall |
| 8:10 | Build | Mining Camp |
| 8:42 | Build | House |
| 8:50 | Build | Palisade Wall |
| 8:53 | Build | House |
| 9:03 | Build | Palisade Wall |
| 9:21 | Build | Palisade Gate |
| 9:45 | Research | Feudal Age |
| 11:55 | Age | Feudal Age |
| 12:12 | Build | Market |
| 12:17 | Build | Blacksmith |
| 12:30 | Create | Villager (Male) |
| 12:41 | Build | Farm |
| 12:42 | Build | Farm |
| 12:45 | Build | Farm |
| 12:53 | Build | Farm |
| 13:04 | Research | Castle Age |
| 13:24 | Build | Mining Camp |
| 13:52 | Research | Double-Bit Axe |
| 14:11 | Research | Stone Mining |
| 14:47 | Research | Horse Collar |
| 14:59 | Build | Watch Tower |
| 15:07 | Build | Farm |
| 15:44 | Age | Castle Age |
| 16:05 | Create | Villager (Male) |
| 16:06 | Create | Villager (Male) |
| 16:09 | Create | Villager (Male) |
| 16:40 | Create | Villager (Male) |
| 16:55 | Build | Town Center |
| 17:19 | Create | Villager (Male) |
| 18:06 | Create | Villager (Male) |
| 18:07 | Create | Villager (Male) |
Build order — ITA | Killer_Storm_
115 actions detected in the replay
| 0:00 | Research | Loom |
| 0:02 | Build | House |
| 0:03 | Build | House |
| 0:09 | Create | Villager (Male) |
| 0:10 | Create | Villager (Male) |
| 0:11 | Create | Villager (Male) |
| 1:18 | Create | Villager (Male) |
| 1:50 | Build | Lumber Camp |
| 1:55 | Create | Villager (Male) |
| 2:24 | Create | Villager (Male) |
| 2:38 | Create | Villager (Male) |
| 2:59 | Create | Villager (Male) |
| 2:59 | Create | Villager (Male) |
| 3:41 | Build | House |
| 3:44 | Create | Villager (Male) |
| 3:53 | Create | Villager (Male) |
| 4:00 | Create | Villager (Male) |
| 4:00 | Create | Villager (Male) |
| 4:04 | Create | Villager (Male) |
| 4:47 | Create | Villager (Male) |
| 4:47 | Create | Villager (Male) |
| 4:48 | Create | Villager (Male) |
| 5:26 | Build | Mining Camp |
| 6:02 | Build | House |
| 6:38 | Research | Feudal Age |
| 7:25 | Build | Barracks |
| 7:49 | Create | Villager (Male) |
| 8:48 | Age | Feudal Age |
| 8:54 | Build | Archery Range |
| 8:57 | Build | Palisade Wall |
| 9:00 | Research | Double-Bit Axe |
| 9:02 | Create | Villager (Male) |
| 9:06 | Build | Mill |
| 9:36 | Create | Villager (Male) |
| 9:36 | Create | Villager (Male) |
| 9:39 | Create | Villager (Male) |
| 9:53 | Create | Archer |
| 9:59 | Build | House |
| 10:01 | Build | Blacksmith |
| 10:31 | Create | Archer |
| 10:32 | Create | Villager (Male) |
| 10:39 | Build | House |
| 10:43 | Build | Palisade Wall |
| 10:45 | Create | Villager (Male) |
| 10:50 | Build | House |
| 10:51 | Build | Palisade Wall |
| 10:51 | Build | Palisade Wall |
| 10:57 | Research | Fletching |
| 10:57 | Research | Fletching |
| 10:58 | Create | Archer |
| 11:05 | Build | Palisade Wall |
| 11:07 | Build | Palisade Wall |
| 11:09 | Create | Archer |
| 11:18 | Build | House |
| 11:19 | Build | House |
| 11:22 | Build | Palisade Wall |
| 11:25 | Create | Villager (Male) |
| 11:36 | Create | Villager (Male) |
| 11:38 | Create | Archer |
| 11:55 | Build | Farm |
| 12:01 | Create | Archer |
| 12:08 | Create | Archer |
| 12:11 | Create | Villager (Male) |
| 12:11 | Create | Villager (Male) |
| 12:42 | Create | Villager (Male) |
| 12:44 | Build | Farm |
| 12:45 | Build | Farm |
| 12:52 | Create | Archer |
| 13:01 | Build | House |
| 13:07 | Create | Villager (Male) |
| 13:08 | Create | Archer |
| 13:25 | Build | Farm |
| 13:27 | Create | Villager (Male) |
| 13:52 | Create | Villager (Male) |
| 13:53 | Build | Farm |
| 13:59 | Create | Villager (Male) |
| 14:00 | Create | Archer |
| 14:05 | Build | Farm |
| 14:25 | Create | Villager (Male) |
| 14:43 | Create | Villager (Male) |
| 15:04 | Build | Market |
| 15:23 | Build | Farm |
| 15:25 | Create | Villager (Male) |
| 15:33 | Create | Villager (Male) |
| 15:33 | Create | Archer |
| 15:45 | Create | Villager (Male) |
| 15:45 | Create | Archer |
| 15:58 | Create | Archer |
| 16:12 | Build | Farm |
| 16:24 | Research | Castle Age |
| 16:30 | Build | Lumber Camp |
| 16:33 | Build | House |
| 16:35 | Create | Archer |
| 16:54 | Build | Farm |
| 16:57 | Create | Villager (Male) |
| 16:58 | Create | Archer |
| 17:02 | Build | House |
| 17:08 | Research | Padded Archer Armor |
| 17:17 | Create | Archer |
| 17:24 | Build | Farm |
| 17:41 | Research | Horse Collar |
| 17:51 | Build | House |
| 17:55 | Create | Archer |
| 18:39 | Create | Archer |
| 18:51 | Create | Villager (Male) |
| 19:07 | Age | Castle Age |
| 19:09 | Build | University |
| 19:10 | Research | Crossbowman (upgrade) |
| 19:14 | Research | Bodkin Arrow |
| 19:16 | Create | Villager (Male) |
| 19:22 | Build | Mining Camp |
| 19:23 | Create | Villager (Male) |
| 19:24 | Create | Archer |
| 19:35 | Create | Villager (Male) |
| 19:36 | Create | Archer |
Build order — viddie
69 actions detected in the replay
| 0:00 | Create | Villager (Male) |
| 0:00 | Create | Villager (Male) |
| 0:01 | Create | Villager (Male) |
| 0:02 | Build | House |
| 0:04 | Build | House |
| 0:35 | Create | Villager (Male) |
| 1:25 | Create | Villager (Male) |
| 1:47 | Build | Lumber Camp |
| 2:00 | Create | Villager (Male) |
| 2:21 | Create | Villager (Male) |
| 2:49 | Create | Villager (Male) |
| 3:00 | Create | Villager (Male) |
| 3:55 | Create | Villager (Male) |
| 3:55 | Create | Villager (Male) |
| 3:55 | Create | Villager (Male) |
| 4:54 | Create | Villager (Male) |
| 4:55 | Create | Villager (Male) |
| 4:55 | Create | Villager (Male) |
| 5:00 | Research | Loom |
| 5:02 | Build | House |
| 5:25 | Create | Villager (Male) |
| 5:25 | Create | Villager (Male) |
| 5:39 | Build | Mill |
| 6:18 | Create | Villager (Male) |
| 6:18 | Create | Villager (Male) |
| 6:18 | Create | Villager (Male) |
| 6:41 | Build | Farm |
| 6:44 | Build | Farm |
| 7:35 | Create | Villager (Male) |
| 7:39 | Build | House |
| 7:48 | Build | Farm |
| 7:50 | Build | Farm |
| 7:52 | Build | Farm |
| 8:02 | Build | Farm |
| 8:13 | Build | Farm |
| 8:18 | Create | Villager (Male) |
| 8:47 | Research | Feudal Age |
| 8:48 | Research | Feudal Age |
| 9:25 | Build | Barracks |
| 9:55 | Create | Villager (Male) |
| 9:56 | Create | Villager (Male) |
| 10:17 | Create | Villager (Male) |
| 10:57 | Age | Feudal Age |
| 11:01 | Build | Archery Range |
| 11:03 | Build | House |
| 11:14 | Build | House |
| 12:01 | Build | Mining Camp |
| 12:10 | Create | Villager (Male) |
| 12:10 | Create | Villager (Male) |
| 12:39 | Create | Archer |
| 13:03 | Research | Wheelbarrow |
| 13:08 | Create | Archer |
| 13:36 | Create | Archer |
| 14:08 | Research | Double-Bit Axe |
| 14:19 | Create | Villager (Male) |
| 14:19 | Create | Villager (Male) |
| 14:19 | Create | Villager (Male) |
| 14:20 | Create | Villager (Male) |
| 14:20 | Create | Villager (Male) |
| 14:37 | Build | Archery Range |
| 14:40 | Create | Archer |
| 15:15 | Build | House |
| 15:32 | Build | Blacksmith |
| 16:08 | Build | Stone Wall |
| 16:23 | Research | Castle Age |
| 16:27 | Build | Farm |
| 16:28 | Build | Farm |
| 16:36 | Build | Lumber Camp |
| 16:45 | Build | Farm |
Build order — ITA | BartolitoilGallo
108 actions detected in the replay
| 0:00 | Create | Villager (Male) |
| 0:02 | Build | House |
| 0:03 | Build | House |
| 0:13 | Create | Villager (Male) |
| 0:14 | Create | Villager (Male) |
| 0:14 | Create | Villager (Male) |
| 1:24 | Create | Villager (Male) |
| 1:55 | Build | Lumber Camp |
| 2:02 | Create | Villager (Male) |
| 2:02 | Create | Villager (Male) |
| 2:18 | Create | Villager (Male) |
| 2:51 | Create | Villager (Male) |
| 3:07 | Create | Villager (Male) |
| 3:07 | Create | Villager (Male) |
| 3:30 | Build | House |
| 3:37 | Create | Villager (Male) |
| 3:53 | Create | Villager (Male) |
| 3:53 | Create | Villager (Male) |
| 4:23 | Create | Villager (Male) |
| 4:24 | Create | Villager (Male) |
| 4:44 | Create | Villager (Male) |
| 4:44 | Create | Villager (Male) |
| 5:23 | Create | Villager (Male) |
| 5:24 | Create | Villager (Male) |
| 6:49 | Create | Villager (Male) |
| 6:51 | Research | Loom |
| 6:58 | Build | Mill |
| 7:08 | Research | Loom |
| 7:24 | Research | Feudal Age |
| 7:54 | Build | Barracks |
| 7:55 | Build | House |
| 8:29 | Create | Villager (Male) |
| 8:29 | Create | Villager (Male) |
| 8:56 | Build | House |
| 9:14 | Build | Palisade Wall |
| 9:36 | Build | House |
| 9:43 | Age | Feudal Age |
| 9:46 | Build | Stable |
| 9:49 | Research | Double-Bit Axe |
| 10:00 | Create | Villager (Male) |
| 10:00 | Create | Villager (Male) |
| 10:05 | Research | Horse Collar |
| 10:34 | Create | Villager (Male) |
| 10:40 | Create | Scout Cavalry |
| 10:40 | Create | Scout Cavalry |
| 11:00 | Build | Farm |
| 11:02 | Build | Farm |
| 11:05 | Create | Villager (Male) |
| 11:07 | Create | Scout Cavalry |
| 11:18 | Create | Villager (Male) |
| 11:27 | Build | Farm |
| 11:55 | Create | Villager (Male) |
| 11:55 | Create | Villager (Male) |
| 12:00 | Build | Farm |
| 12:04 | Build | Farm |
| 12:06 | Build | Farm |
| 12:18 | Create | Villager (Male) |
| 12:19 | Create | Scout Cavalry |
| 12:21 | Build | Farm |
| 12:24 | Build | House |
| 12:27 | Build | House |
| 12:38 | Create | Scout Cavalry |
| 12:45 | Build | Farm |
| 12:47 | Build | Farm |
| 12:48 | Build | Farm |
| 12:52 | Build | Mining Camp |
| 12:56 | Create | Scout Cavalry |
| 13:07 | Create | Scout Cavalry |
| 13:14 | Build | House |
| 13:27 | Create | Scout Cavalry |
| 13:28 | Create | Villager (Male) |
| 13:36 | Build | Farm |
| 13:50 | Create | Scout Cavalry |
| 13:54 | Build | House |
| 13:55 | Build | House |
| 13:56 | Build | House |
| 13:57 | Build | Palisade Wall |
| 14:03 | Create | Villager (Male) |
| 14:09 | Build | Palisade Wall |
| 14:16 | Build | Palisade Wall |
| 14:20 | Build | Palisade Wall |
| 14:26 | Create | Villager (Male) |
| 14:48 | Create | Villager (Male) |
| 14:49 | Create | Scout Cavalry |
| 14:51 | Build | Farm |
| 14:54 | Build | Farm |
| 14:55 | Build | Farm |
| 15:04 | Build | Palisade Wall |
| 15:16 | Research | Bloodlines |
| 15:21 | Build | Blacksmith |
| 15:36 | Create | Villager (Male) |
| 15:36 | Create | Villager (Male) |
| 15:44 | Build | Farm |
| 15:48 | Build | Farm |
| 15:59 | Build | Palisade Wall |
| 16:07 | Create | Villager (Male) |
| 16:14 | Research | Scale Barding Armor |
| 16:29 | Research | Wheelbarrow |
| 16:29 | Research | Wheelbarrow |
| 16:51 | Create | Villager (Male) |
| 17:47 | Create | Villager (Male) |
| 18:19 | Build | Farm |
| 19:02 | Research | Castle Age |
| 19:12 | Build | Stable |
| 19:13 | Build | Stable |
| 19:32 | Build | Stable |
| 19:38 | Build | Farm |
| 19:39 | Build | Farm |
Build order — RoR | Carnage_
122 actions detected in the replay
| 0:00 | Create | Villager (Male) |
| 0:02 | Build | House |
| 0:03 | Build | House |
| 0:13 | Create | Villager (Male) |
| 0:13 | Create | Villager (Male) |
| 0:39 | Create | Villager (Male) |
| 1:41 | Create | Villager (Male) |
| 2:04 | Create | Villager (Male) |
| 2:22 | Build | Lumber Camp |
| 2:28 | Create | Villager (Male) |
| 2:50 | Create | Villager (Male) |
| 3:15 | Create | Villager (Male) |
| 3:25 | Create | Villager (Male) |
| 3:28 | Create | Villager (Male) |
| 3:53 | Build | House |
| 4:03 | Create | Villager (Male) |
| 4:43 | Create | Villager (Male) |
| 5:26 | Create | Villager (Male) |
| 5:30 | Build | Mill |
| 5:40 | Create | Villager (Male) |
| 5:53 | Build | House |
| 5:56 | Create | Villager (Male) |
| 6:34 | Create | Villager (Male) |
| 6:57 | Create | Villager (Male) |
| 7:13 | Build | Mining Camp |
| 7:26 | Research | Loom |
| 7:27 | Research | Feudal Age |
| 8:05 | Build | Lumber Camp |
| 8:32 | Build | Palisade Gate |
| 9:04 | Create | Villager (Male) |
| 9:14 | Age | Feudal Age |
| 9:19 | Build | Barracks |
| 9:24 | Build | Palisade Gate |
| 9:33 | Create | Villager (Male) |
| 9:35 | Research | Double-Bit Axe |
| 9:39 | Build | House |
| 9:50 | Create | Villager (Male) |
| 10:05 | Build | House |
| 10:07 | Create | Villager (Male) |
| 10:18 | Build | Archery Range |
| 10:21 | Create | Villager (Male) |
| 10:30 | Build | House |
| 10:41 | Create | Villager (Male) |
| 11:02 | Build | Archery Range |
| 11:21 | Build | House |
| 11:28 | Create | Archer |
| 11:34 | Build | House |
| 11:37 | Create | Villager (Male) |
| 11:46 | Create | Archer |
| 11:48 | Create | Archer |
| 11:59 | Create | Villager (Male) |
| 12:12 | Build | Palisade Wall |
| 12:14 | Create | Archer |
| 12:19 | Build | House |
| 12:20 | Build | House |
| 12:23 | Create | Villager (Male) |
| 12:29 | Create | Archer |
| 12:40 | Create | Villager (Male) |
| 12:46 | Build | Palisade Wall |
| 12:52 | Build | Palisade Gate |
| 12:53 | Build | Palisade Wall |
| 12:57 | Create | Archer |
| 12:58 | Create | Villager (Male) |
| 13:01 | Research | Horse Collar |
| 13:05 | Build | Farm |
| 13:06 | Build | Farm |
| 13:10 | Create | Archer |
| 13:16 | Build | House |
| 13:18 | Build | Palisade Wall |
| 13:21 | Create | Archer |
| 13:22 | Create | Villager (Male) |
| 13:31 | Create | Archer |
| 13:45 | Build | Farm |
| 13:53 | Build | House |
| 13:54 | Build | Palisade Wall |
| 13:57 | Create | Archer |
| 14:07 | Create | Villager (Male) |
| 14:17 | Build | Farm |
| 14:19 | Create | Villager (Male) |
| 14:21 | Build | Farm |
| 14:26 | Build | House |
| 14:28 | Create | Archer |
| 14:30 | Create | Villager (Male) |
| 14:36 | Build | Farm |
| 14:42 | Build | Palisade Wall |
| 14:43 | Build | Palisade Wall |
| 14:47 | Create | Archer |
| 14:59 | Build | Farm |
| 15:09 | Create | Archer |
| 15:10 | Create | Villager (Male) |
| 15:13 | Build | Farm |
| 15:18 | Build | House |
| 15:27 | Create | Archer |
| 15:33 | Create | Villager (Male) |
| 15:35 | Build | Farm |
| 15:39 | Create | Archer |
| 16:08 | Create | Archer |
| 16:19 | Create | Archer |
| 16:24 | Create | Villager (Male) |
| 16:25 | Create | Archer |
| 16:31 | Build | Farm |
| 16:32 | Build | Farm |
| 17:02 | Create | Villager (Male) |
| 17:04 | Build | Blacksmith |
| 17:15 | Create | Archer |
| 17:21 | Build | Farm |
| 17:23 | Build | Farm |
| 17:35 | Create | Villager (Male) |
| 17:38 | Build | Farm |
| 17:58 | Build | Farm |
| 18:01 | Build | Farm |
| 18:03 | Create | Villager (Male) |
| 18:04 | Create | Archer |
| 18:06 | Create | Archer |
| 18:41 | Research | Castle Age |
| 18:42 | Create | Archer |
| 18:59 | Build | Farm |
| 19:12 | Research | Fletching |
| 19:33 | Research | Padded Archer Armor |
| 19:33 | Create | Archer |
| 19:34 | Create | Archer |
| 19:40 | Build | Lumber Camp |
Build order — Corrosive
99 actions detected in the replay
| 0:00 | Create | Villager (Male) |
| 0:00 | Create | Villager (Male) |
| 0:01 | Create | Villager (Male) |
| 0:02 | Build | House |
| 0:04 | Build | House |
| 0:08 | Create | Villager (Male) |
| 1:28 | Create | Villager (Male) |
| 1:55 | Build | Settlement |
| 2:00 | Create | Villager (Male) |
| 2:21 | Create | Villager (Male) |
| 2:48 | Create | Villager (Male) |
| 3:13 | Create | Villager (Male) |
| 3:50 | Create | Villager (Male) |
| 3:55 | Build | House |
| 4:14 | Create | Villager (Male) |
| 4:39 | Create | Villager (Male) |
| 4:59 | Build | House |
| 5:05 | Create | Villager (Male) |
| 5:21 | Create | Villager (Male) |
| 5:41 | Create | Villager (Male) |
| 6:09 | Create | Villager (Male) |
| 6:39 | Create | Villager (Male) |
| 7:01 | Create | Villager (Male) |
| 7:15 | Build | Settlement |
| 7:24 | Research | Loom |
| 8:01 | Research | Feudal Age |
| 8:31 | Build | Barracks |
| 8:39 | Build | Settlement |
| 9:05 | Create | Villager (Male) |
| 9:06 | Create | Villager (Male) |
| 9:37 | Build | House |
| 10:11 | Age | Feudal Age |
| 10:16 | Build | Archery Range |
| 10:41 | Create | Villager (Male) |
| 10:59 | Create | Archer |
| 11:00 | Create | Archer |
| 11:16 | Build | Archery Range |
| 11:19 | Create | Villager (Male) |
| 11:28 | Create | Villager (Male) |
| 11:31 | Create | Archer |
| 12:01 | Create | Archer |
| 12:01 | Create | Archer |
| 12:17 | Create | Archer |
| 12:19 | Create | Villager (Male) |
| 12:36 | Create | Skirmisher |
| 12:36 | Create | Skirmisher |
| 12:39 | Build | Farm |
| 12:39 | Build | Farm |
| 12:39 | Build | Farm |
| 12:40 | Create | Villager (Male) |
| 12:46 | Build | Watch Tower |
| 12:58 | Create | Villager (Male) |
| 13:04 | Create | Skirmisher |
| 13:22 | Create | Villager (Male) |
| 13:27 | Build | Farm |
| 13:43 | Create | Archer |
| 13:44 | Create | Skirmisher |
| 14:13 | Build | Blacksmith |
| 14:17 | Create | Villager (Male) |
| 14:28 | Create | Archer |
| 14:28 | Create | Archer |
| 14:39 | Build | Farm |
| 14:42 | Build | Farm |
| 14:42 | Build | Farm |
| 14:53 | Create | Villager (Male) |
| 14:56 | Build | House |
| 15:08 | Create | Villager (Male) |
| 15:12 | Create | Villager (Male) |
| 15:16 | Build | Farm |
| 15:21 | Create | Skirmisher |
| 15:39 | Create | Villager (Male) |
| 15:45 | Build | Farm |
| 15:48 | Build | Farm |
| 15:53 | Create | Villager (Male) |
| 16:11 | Build | Farm |
| 16:11 | Build | Farm |
| 16:19 | Research | Fletching |
| 16:31 | Build | Farm |
| 16:32 | Create | Villager (Male) |
| 16:38 | Create | Archer |
| 16:39 | Create | Archer |
| 16:54 | Create | Villager (Male) |
| 17:06 | Research | Padded Archer Armor |
| 17:32 | Create | Villager (Male) |
| 17:36 | Create | Villager (Male) |
| 17:39 | Create | Archer |
| 17:43 | Build | Farm |
| 17:43 | Build | Farm |
| 17:43 | Build | Farm |
| 17:48 | Create | Villager (Male) |
| 18:03 | Research | Wheelbarrow |
| 18:07 | Build | House |
| 18:08 | Build | House |
| 18:21 | Create | Villager (Male) |
| 18:37 | Create | Archer |
| 18:37 | Create | Archer |
| 19:06 | Create | Archer |
| 19:06 | Create | Archer |
| 19:13 | Create | Villager (Male) |
Match timeline
| 5:59 | Don Rats · wall_segment Palisade Wall x5 |
| 7:25 | ITA | Killer_Storm_ · first_building Barracks |
| 7:26 | Don Rats · wall_segment Palisade Wall x3 |
| 7:26 | Don Rats · wall_segment Palisade Wall x1 |
| 7:36 | Don Rats · wall_segment Palisade Wall x5 |
| 7:54 | ITA | BartolitoilGallo · first_building Barracks |
| 8:31 | Corrosive · first_building Barracks |
| 8:48 | ITA | Killer_Storm_ · age_up feudal |
| 8:50 | Don Rats · wall_segment Palisade Wall x11 |
| 8:54 | ITA | Killer_Storm_ · first_building Archery Range |
| 8:57 | ITA | Killer_Storm_ · wall_segment Palisade Wall x2 |
| 9:03 | Don Rats · wall_segment Palisade Wall x7 |
| 9:14 | ITA | BartolitoilGallo · wall_segment Palisade Wall x1 |
| 9:14 | RoR | Carnage_ · age_up feudal |
| 9:19 | RoR | Carnage_ · first_building Barracks |
| 9:25 | viddie · first_building Barracks |
| 9:43 | ITA | BartolitoilGallo · age_up feudal |
| 9:46 | ITA | BartolitoilGallo · first_building Stable |
| 10:11 | Corrosive · age_up feudal |
| 10:16 | Corrosive · first_building Archery Range |
| 10:18 | RoR | Carnage_ · first_building Archery Range |
| 10:43 | ITA | Killer_Storm_ · wall_segment Palisade Wall x7 |
| 10:51 | ITA | Killer_Storm_ · wall_segment Palisade Wall x1 |
| 10:51 | ITA | Killer_Storm_ · wall_segment Palisade Wall x1 |
| 10:57 | viddie · age_up feudal |
| 11:01 | viddie · first_building Archery Range |
| 11:05 | ITA | Killer_Storm_ · wall_segment Palisade Wall x9 |
| 11:07 | ITA | Killer_Storm_ · wall_segment Palisade Wall x6 |
| 11:22 | ITA | Killer_Storm_ · wall_segment Palisade Wall x11 |
| 11:55 | Don Rats · age_up feudal |
| 12:12 | RoR | Carnage_ · wall_segment Palisade Wall x5 |
| 12:46 | RoR | Carnage_ · wall_segment Palisade Wall x10 |
| 12:53 | RoR | Carnage_ · wall_segment Palisade Wall x1 |
| 13:18 | RoR | Carnage_ · wall_segment Palisade Wall x5 |
| 13:54 | RoR | Carnage_ · wall_segment Palisade Wall x5 |
| 13:57 | ITA | BartolitoilGallo · wall_segment Palisade Wall x5 |
| 14:09 | ITA | BartolitoilGallo · wall_segment Palisade Wall x13 |
| 14:16 | ITA | BartolitoilGallo · wall_segment Palisade Wall x1 |
| 14:20 | ITA | BartolitoilGallo · wall_segment Palisade Wall x5 |
| 14:42 | RoR | Carnage_ · wall_segment Palisade Wall x2 |
| 14:43 | RoR | Carnage_ · wall_segment Palisade Wall x1 |
| 15:04 | ITA | BartolitoilGallo · wall_segment Palisade Wall x6 |
| 15:44 | Don Rats · age_up castle |
| 15:59 | ITA | BartolitoilGallo · wall_segment Palisade Wall x7 |
| 16:02 | ITA | Killer_Storm_ · first_market_sell 500 stone |
| 16:03 | ITA | Killer_Storm_ · first_market_buy 100 food |
| 16:08 | viddie · wall_segment Stone Wall x1 |
| 18:21 | viddie · resign |
| 19:07 | ITA | Killer_Storm_ · age_up castle |
[ AI ANALYSIS · 1 CREDIT ]
What really happened in this match?
Wolo.gg analyzes every decision: build order, eco, micro, common mistakes by bracket. Personalized analysis on WhatsApp or Discord in 30 seconds.
Civ guide
Poles
Perfil
Don Rats